 Dungeon Crawl Stone Soup version 0.25-a0-663-gace7076f2c (webtiles) character file.

Game seed: 17247021142638891025, levelgen mode: deterministic

63 kae the Chopper (level 4, -12/41 HPs)
             Began as a Hill Orc Fighter on Mar 24, 2020.
             Engulfed by a cloud of flame (20 damage)
             ... on level 3 of the Dungeon.
             The game lasted 00:01:20 (1728 turns).

kae the Chopper (Hill Orc Fighter)                  Turns: 1728, Time: 00:01:20

Health: -12/41     AC:  6    Str: 19    XL:     4   Next: 10%
Magic:  4/4        EV:  9    Int:  8    God:
Gold:   80         SH:  0    Dex: 10    Spells: 3/3 levels left

rFire    . . .     SeeInvis .   n - +0 battleaxe
rCold    . . .     Gourm    .   (shield currently unavailable)
rNeg     . . .     Faith    .   b - +0 scale mail
rPois    .         Spirit   .   (no helmet)
rElec    .         Reflect  .   (no cloak)
rCorr    .         Harm     .   (no gloves)
MR       .....                  (no boots)
Stlth    ..........             (no amulet)
HPRegen  0.13/turn              (no ring)
MPRegen  0.09/turn              (no ring)

@: about to teleport
A: no striking features
a: no special abilities


You were on level 3 of the Dungeon.
You were hungry.

You visited 1 branch of the dungeon, and saw 3 of its levels.

You collected 80 gold pieces.

Inventory:

Hand Weapons
 a - a +0 war axe
 n - a +0 battleaxe (weapon)
Armour
 b - a +0 scale mail (worn)
 c - a +0 kite shield
 m - a +0 pair of boots
Scrolls
 h - a scroll of enchant armour {unknown}
 i - 2 scrolls of amnesia {unknown}
Potions
 d - a potion of might
 j - 2 potions of invisibility {unknown}
 k - a potion of brilliance {unknown}
 o - a potion of lignification {unknown}
Comestibles
 f - 3 rations


   Skills:
 + Level 4.4 Fighting
 * Level 4.9 Axes
 - Level 3.2 Armour
 - Level 3.2 Shields


You had 3 spell levels left.
You didn't know any spells.
Your spell library was empty.

Dungeon Overview and Level Annotations

Branches:
Dungeon (3/15)

Altars:
Sif Muna
Wu Jian


Message History

The creatures around you are filled with an inner flame!
It was a scroll of immolation.
The bat closely misses you. The bat hits you but does no damage.
Unknown command.
You barely miss the bat. You barely miss the giant cockroach.
The bat hits you but does no damage. The bat closely misses you.
The bat barely misses you.
The giant cockroach bites you but does no damage.
The giant cockroach waves its antennae.
The giant cockroach closely misses you.
You closely miss the giant cockroach. You hit the bat.
The bat explodes!
The fiery explosion engulfs you!
The fiery explosion engulfs the giant cockroach!!
The giant cockroach explodes!
The fiery explosion engulfs you!!
Ouch! That really hurt!
* * * LOW HITPOINT WARNING * * *
You are engulfed in blazing flames.
You die...

######..
##......
.......###
....%... #
#..%..# .
#.#.....#...
#...§§....#
#..@§§.#
#..§§§.#
#.##§### #..
.. #. ..# ..
..# ## ...
....


There were no monsters in sight!

Vanquished Creatures
  3 gnolls (D:2)
  A leopard gecko (D:1)
  5 giant cockroaches
  3 goblins
  A hobgoblin (D:1)
  3 jackals (D:1)
  4 kobolds
  4 bats
  A frilled lizard (D:2)
  8 rats (D:1)
33 creatures vanquished.

Notes
Turn   | Place    | Note
-------+----------+-------------------------------------------
     0 | D:1      | kae the Hill Orc Fighter began the quest for the Orb.
     0 | D:1      | Reached XP level 1. HP: 19/19 MP: 1/1
    69 | D:1      | Reached XP level 2. HP: 12/27 MP: 2/2
  1139 | D:2      | Reached XP level 3. HP: 33/33 MP: 3/3
  1267 | D:2      | Reached XP level 4. HP: 26/41 MP: 4/4
  1382 | D:2      | Found an ornate altar of the Wu Jian Council.
  1687 | D:2      | Found a shimmering blue altar of Sif Muna.
  1728 | D:3      | Engulfed by a cloud of flame

Levels and vault maps discovered:
D:1:      elethiomel_arrival_quiet, layout_basic
D:2:      layout_rooms, nicolae_overflow_hidden_temple, lemuel_crystal_altar,
          first_ration, lemuel_blue_sif_altar
D:3:      layout_rooms, lemuel_doored_altar, uniq_robin, uniq_crazy_yiuf_cottage

Skill      XL: |  1  2 |
---------------+-------+-----
Axes           | 3 4 |  4.9
Fighting       | 4 |  4.4
Armour         | |  3.2
Shields        | |  3.2

Action                   |  1- 3 |  4- 6 || total
-------------------------+-------+-------++-------
Melee: War axe           |    89 |     7 ||    96
       Battleaxe         |       |     6 ||     6
  Use: Scroll            |       |     2 ||     2
  Eat: Chunk             |     1 |     1 ||     2
Armor: Scale mail        |    50 |     7 ||    57
Dodge: Dodged            |    45 |     9 ||    54
Block: Kite shield       |    54 |     6 ||    60

Table legend:
 A = Non-vault XP
 B = Vault XP
 C = Vault XP percentage of total XP
 D = Non-vault monster count
 E = Vault monster count
 F = Vault count percentage of total count
                 A         B        C        D         E       F
            +---------+---------+-------+---------+---------+-------
      Total |      91 |       0 |   0.0 |      33 |       0 |   0.0
            +---------+---------+-------+---------+---------+-------
        D:1 |      31 |       0 |   0.0 |      20 |       0 |   0.0
        D:2 |      57 |       0 |   0.0 |      11 |       0 |   0.0
        D:3 |       3 |       0 |   0.0 |       2 |       0 |   0.0
            +---------+---------+-------+---------+---------+-------
